 Dungeon Crawl Stone Soup version 0.30.1-11-g7821555f0a (webtiles) character file.

Game seed: 10811323233168065169

123 RancidPinata the Sneak (level 5, -4/37 HPs)
             Began as an Octopode Delver on Jan 10, 2024.
             Slain by an elf zombie (6 damage)
             ... in an ossuary.
             The game lasted 00:03:44 (429 turns).

RancidPinata the Sneak (Octopode Delver)             Turns: 429, Time: 00:03:44

Health: -4/37      AC:  1    Str: 11    XL:     5   Next: 7%
Magic:  5/5        EV: 14    Int: 12    God:
Gold:   0          SH:  0    Dex: 16    Spells: 4/4 levels left

rFire   . . .        a - +0 short sword
rCold   . . .        (no shield)
rNeg    . . .        (helmet restricted)
rPois   .            (no amulet)
rElec   .            (no ring)
rCorr   .            (no ring)
SInv    .            (no ring)
Will    .....        (no ring)
Stlth   +++++        (no ring)
HPRegen 0.26/turn    (no ring)
MPRegen 0.09/turn    (no ring)
                     (no ring)

%: no passive effects
@: no status effects
A: almost no armour, amphibious, 8 rings, camouflage 1, gelatinous body 1,
(nimble swimmer 1), tentacles
a: no special abilities


You were in an ossuary.
You visited 2 branches of the dungeon, and saw 4 of its levels.
You also visited: Ossuary.

Inventory:

Hand Weapons
 a - a +0 short sword (weapon)
Missiles
 j - 2 stones (quivered)
Wands
 f - a wand of digging (3)
 h - a wand of polymorph (7)
Scrolls
 b - a scroll of fog
 c - a scroll of magic mapping
 d - a scroll of fear
 g - 3 scrolls of identify {unknown}
 k - a scroll of enchant armour {unknown}
 l - 2 scrolls of teleportation {unknown}
Potions
 e - a potion of haste
 i - 2 potions of flight {unknown}


   Skills:
 * Level 3.9 Fighting
 + Level 2.8 Short Blades
 * Level 3.2 Dodging
 + Level 7.2 Stealth


You had 4 spell levels left.
You didn't know any spells.
Your spell library was empty.

Dungeon Overview and Level Annotations

Branches:
Dungeon (7/15)             Temple (1/1) D:6         Ossuary (1/1)

Altars:
Fedhas
Gozag
Trog
Vehumet
Wu Jian
Yredelemnul


Innate Abilities, Weirdness & Mutations

You cannot wear most types of armour.
You are amphibious.
You can wear up to eight rings at the same time.
Your skin changes colour to match your surroundings (Stealth+).
Your rubbery body absorbs attacks. (AC +1, EV +1)
((You are camouflaged when in or above water. (Stealth+)))
You have tentacles for arms and can constrict up to eight enemies at once.


Message History

You destroy the orc zombie!
Found four items.
Found a gate leading back out of this place.
You open the door.
There is an open door here.
You see here 2 scrolls labelled XIVISI BIERA.
You see here a scroll labelled ACIDASTR BOTSYDD.
k - a scroll labelled ACIDASTR BOTSYDD You see here 2 scrolls labelled CYGGIANILE.
l - 2 scrolls labelled CYGGIANILE You see here 2 scrolls labelled XIVISI BIERA.
g - 3 scrolls labelled XIVISI BIERA (gained 2)
You closely miss the elf zombie. You grab the elf zombie.
You squeeze the elf zombie.
The elf zombie is heavily damaged.
You constrict the elf zombie. The elf zombie barely misses you.
You hit the elf zombie but do no damage.
You squeeze the elf zombie.
The elf zombie is heavily damaged.
You constrict the elf zombie. The elf zombie hits you.
You hit the elf zombie but do no damage.
You squeeze the elf zombie.
The elf zombie is severely damaged.
You constrict the elf zombie. You barely miss the elf zombie.
You squeeze the elf zombie!
The elf zombie is severely damaged.
You constrict the elf zombie. The elf zombie hits you!
* * * LOW HITPOINT WARNING * * *
You hit the elf zombie but do no damage.
You squeeze the elf zombie.
The elf zombie is almost destroyed.
You constrict the elf zombie. The elf zombie hits you.
* * * LOW HITPOINT WARNING * * *
You hit the elf zombie.
The elf zombie is almost destroyed.
You constrict the elf zombie. You hit the elf zombie.
The elf zombie is almost destroyed.
You constrict the elf zombie. The elf zombie hits you.
You die...

...............#..#
..................#
....M..Z..........#
...........##.....#
...........##M....#
...M...........M..#
................Z.#
.#####.........##Z#
..ZZ...........#@?#
..M∩...........#..#
###################


You could see 2 mummies, an elf zombie and a human zombie.

Vanquished Creatures
  A howler monkey (D:6)
  A jelly (D:6)
  2 hound zombies (Ossuary)
  A mummy (D:6)
  An ufetubus (D:6)
  An adder zombie (Ossuary)
  A gnoll zombie (Ossuary)
  2 hobgoblin zombies (D:6)
  2 orc zombies (Ossuary)
  A rat zombie (Ossuary)
13 creatures vanquished.

Notes
Turn   | Place    | Note
-------+----------+-------------------------------------------
     0 | D:5      | RancidPinata the Octopode Delver began the quest for the
                  | Orb.
     0 | D:5      | Reached XP level 1. HP: 16/16 MP: 1/1
    33 | D:7      | Noticed an orc warrior
    65 | D:6      | Found a staircase to the Ecumenical Temple.
    78 | Temple   | Entered the Ecumenical Temple
   273 | D:6      | Noticed a jelly
   276 | D:6      | Killed a jelly
   277 | D:6      | Reached skill level 7 in Stealth
   277 | D:6      | Reached XP level 2. HP: 21/21 MP: 2/2
   277 | D:6      | Reached XP level 3. HP: 26/26 MP: 3/3
   286 | D:6      | Reached XP level 4. HP: 32/32 MP: 4/4
   319 | D:6      | Found a sand-covered staircase.
   356 | Ossuary  | Entered an ossuary
   384 | Ossuary  | Reached XP level 5. HP: 16/37 MP: 5/5
   427 | Ossuary  | HP: 1/37 [elf zombie (5)]
   429 | Ossuary  | Slain by an elf zombie

Illustrated notes

Levels and vault maps discovered:
D:5:      layout_cave_pools, makhleb_heckhound_becter, uniq_ijyb
D:6:      layout_loops_ring, minmay_temple_entry_arrows,
          nicolae_ossuary_entry_giza, chequers_serial_rivers_micro_c,
          minmay_lizard_king
D:7:      layout_cave_pools, riverfiend_overflow_shadow_ancestor,
          grunt_temple_overflow_order_and_chaos_1, grunt_ministairs_11,
          minmay_misc_feat_secret_circle, nicolae_elemental_shop
Temple:   hellmonk_temple_flake
Ossuary:  ossuary_minmay_tomb_2a

Skill      XL: |  1  2  3  4 |
---------------+-------------+-----
Stealth        | 7 |  7.2
Dodging        | 3 |  3.2
Fighting       | |  3.9
Short Blades   | |  2.8

Action                     |  1- 3 |  4- 6 || total
---------------------------+-------+-------++-------
  Melee: Short sword       |     3 |    35 ||    38
         Tentacles         |       |    14 ||    14
         Constrict         |       |    11 ||    11
   Stab: Sleeping          |     3 |     2 ||     5
 Armour: Skin              |       |     3 ||     3
  Dodge: Dodged            |       |    30 ||    30
